 Dungeon Crawl Stone Soup version 0.18.1-2-ga659475 (webtiles) character file.

37 Chiseanne the Digger (level 3, 0/31 HPs)
             Began as a Ghoul Earth Elementalist on May 8, 2016.
             Slain by a hobgoblin
             ... wielding a +0 club
              (5 damage)
             ... on level 2 of the Dungeon.
             The game lasted 00:02:39 (1124 turns).

Chiseanne the Digger (Ghoul Earth Elementalist)     Turns: 1124, Time: 00:02:40

Health: 0/31       AC:  3    Str: 11    XL:     3   Next: 41%
Magic:  1/4        EV: 11    Int: 10    God:
Gold:   20         SH:  0    Dex: 10    Spells: 1 memorised, 4 levels left

rFire  + . .     SeeInvis .     e - +0 whip
rCold  . . .     Gourm    .     j - +0 leather armour
rNeg   + + +     Faith    .     (no shield)
rPois  ∞         Spirit   .     (no helmet)
rElec  .         Dismiss  .     (no cloak)
rCorr  .         Reflect  .     (no gloves)
SustAt .         Harm     .     (no boots)
MR     .....                    (no amulet)
Stlth  ++........               (no ring)
                                g - ring of fire

@: rotting, not resistant to hostile enchantments, unstealthy
A: rotting body, claws 1, carnivore 3, cold resistance 1, negative energy
resistance 3, slow regeneration 1, torment resistance, unbreathing
a: no special abilities


You were on level 2 of the Dungeon.
You were not hungry.

You visited 1 branch of the dungeon, and saw 2 of its levels.

You collected 20 gold pieces.

Inventory:

Hand Weapons
 a - a +0 hunting sling
 e - a +0 whip (weapon)
Missiles
 b - 68 stones (quivered)
 i - 13 sling bullets
Armour
 j - a +0 leather armour (worn)
Jewellery
 g - a ring of fire (left claw)
Books
 c - a book of Geomancy

   Spells                             Type                      Level
   a - Sandblast                      Earth                        1
   b - Passwall                       Transmutation/Earth          2
   c - Stone Arrow                    Conjuration/Earth            3
   d - Petrify                        Transmutation/Earth          4
   e - Lee's Rapid Deconstruction     Earth                        5
Comestibles
 d - a meat ration


   Skills:
 + Level 3.2 Fighting
 - Level 1.7 Dodging
 - Level 2.1 Stealth
 - Level 1.7 Spellcasting
   Level 0.8 Transmutations
 - Level 3.2 Earth Magic


You had 4 spell levels left.
You knew the following spells:

 Your Spells              Type           Power        Failure   Level  Hunger
a - Sandblast             Erth           #.....       12%         1    ##.....


Dungeon Overview and Level Annotations

Branches:
Dungeon (2/15)

Altars:


Innate Abilities, Weirdness & Mutations

Your body is rotting away.
You thrive on raw meat.
You are immune to poison.
You have sharp fingernails.
You are carnivorous and can eat meat at any time.
Your flesh is cold resistant.
You are immune to negative energy.
You regenerate slowly when monsters are visible.
You are immune to unholy pain and torment.
You can survive without breathing.


Message History

You hit the adder.
You kill the adder!
Your Fighting skill increases to level 3!
You hit the hobgoblin but do no damage.
The hobgoblin is lightly wounded.
The hobgoblin hits you but does no damage.
You hit the hobgoblin but do no damage.
The hobgoblin is lightly wounded.
The hobgoblin hits you with a club.
* * * LOW HITPOINT WARNING * * *
You see here a hunting sling.
Casting: Sandblast
Confirm with . or Enter, or press ? or * to list all spells.
Aiming: Sandblast
Press: ? - help, Shift-Dir - straight line, f/p - hobgoblin
Aim: a hobgoblin, wielding a club (lightly wounded)
The blast of sand hits the hobgoblin.
The hobgoblin is lightly wounded.
The hobgoblin hits you with a club.
You die...

#########
#.......#### ###
#........... ..
#........# ##.
##........########..
#..@g........)......
#.[###<###########..
#.# #.## #.. #. #..
#.# # ...# #.. ###.
...# #. #.[..# #
...... ......


You could see a hobgoblin.

Vanquished Creatures
  An adder (D:2)
  A dart slug (D:1)
  2 giant geckos (D:1)
  4 goblins (D:1)
  3 hobgoblins (D:1)
  4 jackals
  2 bats (D:1)
  2 giant newts (D:1)
  3 kobolds (D:1)
  A rat (D:1)
23 creatures vanquished.

Notes
Turn   | Place    | Note
--------------------------------------------------------------
     0 | D:1      | Chiseanne the Ghoul Earth Elementalist began the quest for the Orb.
     0 | D:1      | Reached XP level 1. HP: 14/14 MP: 2/2
   134 | D:1      | Reached skill level 1 in Fighting
   213 | D:1      | Reached XP level 2. HP: 16/24 MP: 0/3
   773 | D:1      | Reached XP level 3. HP: 30/30 MP: 1/4
  1124 | D:2      | Slain by a hobgoblin

Skill      XL: |  1  2  3 |
---------------+----------+-----
Fighting       | 1 2 3 |  3.2
Dodging        | |  1.7
Stealth        | |  2.1
Spellcasting   | |  1.7
Transmutations | |  0.8
Earth Magic    | |  3.2

Action                   || total
-------------------------++-------
Melee: Whip              ||    39
 Cast: Sandblast         ||    33
  Use: Scroll            ||     2
  Eat: Chunk             ||     9
Armor: Robe              ||    13
       Leather armour    ||     1
Dodge: Dodged            ||    41
